 Dungeon Crawl Stone Soup version 0.23-a0-87-g5f73bc1610 (console) character file.

17 PeterW the Insei (level 2, -2/24 HPs)
             Began as a Human Monk on Aug 14, 2018.
             Shot with a stone by a goblin (4 damage)
             ... on level 2 of the Dungeon.
             The game lasted 00:08:42 (801 turns).

PeterW the Insei (Human Monk)                        Turns: 801, Time: 00:08:43

Health: -2/24      AC:  2    Str: 11    XL:     2   Next: 80%
Magic:  2/2        EV: 13    Int: 10    God:
Gold:   91         SH:  0    Dex: 15    Spells: 1/1 levels left

rFire    . . .     SeeInvis .     - Unarmed
rCold    . . .     Gourm    .   (no shield)
rNeg     . . .     Faith    .   a - +0 robe
rPois    .         Spirit   .   (no helmet)
rElec    .         Reflect  .   (no cloak)
rCorr    .         Harm     .   (no gloves)
MR       .....                  (no boots)
Stlth    ++........             (no amulet)
HPRegen  0.08/turn              (no ring)
MPRegen  0.08/turn              (no ring)

@: lethally poisoned (-2 -> -3), very slightly contaminated
A: no striking features
a: no special abilities


You were on level 2 of the Dungeon.
You were not hungry.

You visited 1 branch of the dungeon, and saw 3 of its levels.

You collected 91 gold pieces.

Inventory:

Armour
 a - a +0 robe (worn)
 c - a +0 robe
Comestibles
 b - a ration


   Skills:
 + Level 3.2 Fighting
 + Level 3.2 Dodging
 + Level 2.2 Stealth
 + Level 3.3 Unarmed Combat


You had one spell level left.
You didn't know any spells.
Your spell library was empty.

Dungeon Overview and Level Annotations

Branches:
Dungeon (3/15)

Altars:


Message History

You feel a little less clever now.
You feel a little less agile now. The adder barely misses you.
The goblin closely misses you.
Blink to where?
Press: ? - help, Dir - move target cursor You are very lightly contaminated with residual magic.
As you read the scroll labeled YNNIWK DAIN, it crumbles to dust.
It was a scroll of blinking.
Found 13 gold pieces and a potion of agility.
As you read the scroll labeled GAHAOR ENI GOXOA, it crumbles to dust.
You experience a momentary feeling of inescapable doom!
It was a scroll of random uselessness.
As you read the scroll labeled PITSENA HEOM, it crumbles to dust.
You feel aware of your surroundings.
It was a scroll of magic mapping.
* * * LOW HITPOINT WARNING * * *
You feel sick.
A giant cockroach comes into view.
The goblin unwields an uncursed club.
The goblin wields an uncursed hunting sling.
The goblin shoots a stone.
The stone hits you.
You die...

#.# *,,,,,,,**,*,**,* #.#
*,,,,,,,*,,,,,,,*
###.###*,,,,,,,*,,,,,,,*
#.g...#*,,,,,,,*,**,**,*
#.#.#.#*,,,,,,,*,**,**,*
**#...#.#####*****,**,**,*
#......g#...## *,**,**,*
#.#.##...!...## *,,,,,,,*
#.#...........#***###,****
#,#...........##.....,*
*,#**#.s...S.@..$#*****
*,,,...#.....#####
*******##...## #####


You could see an adder, a giant cockroach and a goblin.

Vanquished Creatures
  A dart slug (D:1)
  A ball python (D:2)
  A giant cockroach (D:1)
  A goblin (D:2)
  2 hobgoblins (D:1)
  A kobold (D:1)
  2 bats (D:1)
  A frilled lizard (D:1)
  6 rats
16 creatures vanquished.

Vanquished Creatures (others)
  5 toadstools (D:3)
5 creatures vanquished.

Grand Total: 21 creatures vanquished

Notes
Turn   | Place    | Note
-------+----------+-------------------------------------------
     0 | D:1      | PeterW the Human Monk began the quest for the Orb.
     0 | D:1      | Reached XP level 1. HP: 18/18 MP: 1/1
   337 | D:1      | Reached XP level 2. HP: 17/24 MP: 2/2
   801 | D:2      | Shot with a stone by a goblin

Vault maps used:
D:1:      saegor_arrival_simple_b
D:3:      cheibrodos_fertilizer, lemuel_coloured_pillars_altar,
          lemuel_round_altar, uniq_sigmund

Action                   || total
-------------------------++-------
Melee: Unarmed           ||    77
       Punch             ||     1
  Use: Scroll            ||     3
       Potion            ||     3
 Stab: Sleeping          ||     6
Armor: Robe              ||    12
Dodge: Dodged            ||    62

Table legend:
 A = Non-vault XP
 B = Vault XP
 C = Vault XP percentage of total XP
 D = Non-vault monster count
 E = Vault monster count
 F = Vault count percentage of total count
 G = Total turns spent on level
                 A         B        C        D         E       F
            +---------+---------+-------+---------+---------+-------
      Total |      25 |       0 |   0.0 |      16 |       0 |   0.0
            +---------+---------+-------+---------+---------+-------
        D:1 |      19 |       0 |   0.0 |      12 |       0 |   0.0
        D:2 |       6 |       0 |   0.0 |       4 |       0 |   0.0
            +---------+---------+-------+---------+---------+-------
